Map: Neon Violet Square LE

Players

rich - Winner!

  • Race: Terran Terran
  • League: Gold
  • Spawn Location: 11:00

Infamous

  • Race: Protoss Protoss
  • League: Silver
  • Spawn Location: 5:00

VOD

Have the link to the VOD?

Description

Time

  • Played on: March 15, 2018, 2:33 p.m.
  • Length: 7:30
Show
View Real Time Build Order
Export as new Build Order

rich Terran - Winner!

Build Orders:  

Get SALT Encoding   

  12  0:01  SCV  
  13  0:13  SCV  
  14  0:20  Supply Depot  
  14  0:25  SCV  
  15  0:32  Refinery  
  15  0:39  Refinery  
  15  0:42  SCV  
  16  0:53  Barracks  
  16  0:58  SCV  
  17  1:10  SCV  
  18  1:22  SCV  
  19  1:34  SCV  
  20  1:45  Factory  
  20  1:48  Factory  
  20  1:52  Barracks Reactor  
  20  2:07  SCV  
  21  2:15  Supply Depot  
  21  2:19  SCV  
  22  2:31  SCV  
  22  2:32  Factory Tech Lab  
  23  2:42  Hellion  
  23  2:43  Hellion  
  27  2:57  Supply Depot  
  27  3:00  Orbital Command  
  27  3:06  Infernal Pre-Igniter  
  27  3:22  Cyclone  
  30  3:33  Cyclone  
  33  3:43  Cyclone  
  36  3:54  Hellion  
  38  4:02  Supply Depot  
  38  4:06  Cyclone  
  41  4:15  Hellion  
  43  4:21  Hellion  
  45  4:25  Rapid Fire Launchers  
  45  4:36  Cyclone  
  48  4:55  Cyclone  
  48  4:58  Hellion  
  53  5:09  Hellion  
  55  5:23  Hellion  
  55  5:27  Hellion  
  50  5:41  Cyclone  
  53  5:48  Cyclone  
  54  5:52  Hellion  
  50  6:14  Cyclone  
  50  6:16  Hellion  
  55  6:22  Supply Depot  
  55  6:24  Supply Depot  
  55  6:26  Supply Depot  
  55  6:44  Hellion, Cyclone  
  55  6:46  Supply Depot  
  62  6:47  Hellion  
Show
View Real Time Build Order
Export as new Build Order

Infamous Protoss 

Build Orders:  

Get SALT Encoding   

  12  0:01  Probe  
  13  0:13  Probe  
  14  0:22  Pylon  
  14  0:25  Probe  
  15  0:40  Probe  
  15  0:41  Gateway  
  16  0:52  Probe  
  17  0:57  Assimilator  
  17  1:04  Probe  
  18  1:20  Probe  
  19  1:31  Cybernetics Core  
  19  1:32  Probe  
  20  1:40  Zealot  
  20  1:44  Probe  
  23  1:48  Pylon  
  23  2:02  Warp Gate (Chrono Boost), Assimilator  
  23  2:06  Probe  
  24  2:08  Stalker  
  26  2:19  Probe  
  27  2:33  Twilight Council  
  27  2:36  Probe  
  28  2:50  Gateway  
  28  2:54  Gateway  
  27  3:09  Pylon, Probe  
  27  3:11  Charge  
  28  3:30  Probe, Templar Archives  
  29  3:42  Probe  
  29  3:45  Nexus  
  30  3:56  Pylon  
  30  3:57  Pylon  
  30  4:00  Stalker  
  30  4:02  Sentry  
  34  4:03  Zealot  
  36  4:18  Robotics Facility  
  36  4:24  Zealot  
  36  4:28  Zealot  
  40  4:51  Gateway  
  40  4:52  Gateway  
  40  5:03  Probe x2  
  42  5:08  Immortal  
  46  5:16  Shield Battery  
  46  5:26  Stalker  
  40  5:41  Zealot x2  
  44  5:45  Assimilator  
  42  5:50  Sentry x2  
  34  6:01  Stalker  
  34  6:02  Stalker x2  
  27  6:14  Stalker  
  27  6:17  Probe  
  28  6:32  Sentry  
  30  6:34  Forge  
  30  6:43  Zealot x2  
  34  6:51  Probe  
Tags
 
Add a new tag
Caveats
  • Supply blocks, unpowered buildings, or Contaminate may cause inaccurate times.
  • Supply counts are checked every 10 seconds.